 Dungeon Crawl Stone Soup version 0.23-a0-726-g9fa1570 (webtiles) character file.

45 Lanoc the Skirmisher (level 3, -1/29 HPs)
             Began as a Demonspawn Fighter on Jan 17, 2019.
             Shot with a stone by a goblin (3 damage)
             ... led by Robin
             ... on level 2 of the Dungeon.
             The game lasted 00:00:58 (153 turns).

Lanoc the Skirmisher (Demonspawn Fighter)            Turns: 153, Time: 00:00:59

Health: -1/29      AC:  6    Str: 22    XL:     3   Next: 42%
Magic:  3/3        EV:  8    Int:  9    God:
Gold:   7          SH: 13    Dex: 12    Spells: 2/2 levels left

rFire    . . .     SeeInvis .   a - +0 long sword
rCold    . . .     Gourm    .   c - +0 shield
rNeg     . . .     Faith    .   b - +0 scale mail
rPois    .         Spirit   .   (helmet restricted)
rElec    .         Reflect  .   (no cloak)
rCorr    .         Harm     .   (no gloves)
MR       .....                  (no boots)
Stlth    ..........             g - amulet of magic regeneration
HPRegen  0.09/turn              (no ring)
MPRegen  0.33/turn              (no ring)

@: mighty
A: antennae 1, large bone plates 1
a: no special abilities


You were on level 2 of the Dungeon.
You were not hungry.

You visited 1 branch of the dungeon, and saw 2 of its levels.

You collected 7 gold pieces.

Inventory:

Hand Weapons
 a - a +0 long sword (weapon)
Armour
 b - a +0 scale mail (worn)
 c - a +0 shield (worn)
Jewellery
 g - an amulet of magic regeneration (around neck)
Scrolls
 e - a scroll of teleportation {unknown}
Comestibles
 f - 2 rations


   Skills:
 + Level 3.4 Fighting
 * Level 2.1 Long Blades
 + Level 3.1 Armour
 + Level 1.3 Dodging
 - Level 2.6 Shields


You had 2 spell levels left.
You didn't know any spells.
Your spell library was empty.

Dungeon Overview and Level Annotations

Branches:
Dungeon (1/15)

Altars:


Innate Abilities, Weirdness & Mutations

You have a pair of small antennae on your head.
You are partially covered in large bone plates. (SH +4)


Message History

You see here a +0 club.
You hit Robin.
You kill Robin!
The hobgoblin no longer looks unusually strong.
The hobgoblin barely misses you.
You riposte.
You slash the hobgoblin!
You kill the hobgoblin!
The goblin unwields a +0 dagger.
The goblin wields a +0 hunting sling.
The goblin shoots a stone.
You block the stone. You block the goblin's attack.
You closely miss the goblin.
The goblin shoots a stone.
The stone hits you but does no damage. You block the goblin's attack.
You slash the goblin!
You kill the goblin!
The goblin no longer looks unusually strong.
The goblin shoots a stone.
The stone hits you.
* * * LOW HITPOINT WARNING * * *
You block the hobgoblin's attack.
You closely miss the hobgoblin.
The goblin shoots a stone.
You block the stone.
The hobgoblin hits you but does no damage.
The goblin shoots a stone.
The stone hits you.
You die...

..#.#..)...# #.# #
###.#(.....# #.# .##
#.#.#### #.####.. #.#..#
#.....# #
#.#.##.########.....#..
...................g.ggg
.#.#.##.#....#)#.†g..# #
#.#....#.#.)...#
#......#@#..g..#
##......[g.#####
#.....#.g..#
#.....#....#
#.....##.#.#
#.....##.#.#
#.....##.#.#
####.##....# #. ....#


You could see a hobgoblin and a goblin.

Vanquished Creatures
  Robin (D:2)
  An adder (D:2)
  An ooze (D:2)
  A dart slug (D:2)
  A bat (D:1)
  A giant cockroach (D:2)
  6 goblins (D:2)
  3 hobgoblins (D:2)
  A frilled lizard (D:2)
  A kobold (D:1)
  A rat (D:2)
18 creatures vanquished.

Notes
Turn   | Place    | Note
-------+----------+-------------------------------------------
     0 | D:1      | Lanoc the Demonspawn Fighter began the quest for the Orb.
     0 | D:1      | Reached XP level 1. HP: 18/18 MP: 1/1
    23 | D:1      | You fall through a shaft!
    54 | D:2      | Gained mutation: You have a pair of small antennae on your
                  | head. [demonic ancestry]
    54 | D:2      | Reached XP level 2. HP: 19/24 MP: 2/2
    59 | D:2      | Reached skill level 1 in Dodging
   137 | D:2      | Noticed Robin
   147 | D:2      | Gained mutation: You are partially covered in large bone
                  | plates. (SH +4) [demonic ancestry]
   147 | D:2      | Reached XP level 3. HP: 6/29 MP: 3/3
   150 | D:2      | Killed Robin
   153 | D:2      | Shot with a stone by a goblin

Vault maps used:
D:1:      dpeg_arrival_rooms_with_view
D:2:      uniq_robin

Skill      XL: |  1  2  3 |
---------------+----------+-----
Armour         | 3 |  3.1
Dodging        | 1 |  1.3
Long Blades    | 2 |  2.1
Fighting       | |  3.4
Shields        | |  2.6

Action                   || total
-------------------------++-------
Melee: Long sword        ||    38
  Use: Potion            ||     1
Armor: Scale mail        ||    18
Dodge: Dodged            ||    12
Block: Shield            ||    23
       Rpst.: Long sword ||     5

Table legend:
 A = Non-vault XP
 B = Vault XP
 C = Vault XP percentage of total XP
 D = Non-vault monster count
 E = Vault monster count
 F = Vault count percentage of total count
                 A         B        C        D         E       F
            +---------+---------+-------+---------+---------+-------
      Total |      35 |      30 |  46.2 |      10 |       8 |  44.4
            +---------+---------+-------+---------+---------+-------
        D:1 |       3 |       0 |   0.0 |       2 |       0 |   0.0
        D:2 |      32 |      30 |  48.4 |       8 |       8 |  50.0
            +---------+---------+-------+---------+---------+-------
